Cogmind - Beta 10.2 @@@ ROGUE MODE // 2021.11.10 @ 10:02:32 Player: Phaethon Result: Destroyed by 7V-RTL with Dispersion Rifle Performance ------------- Evolutions (1) 500 Regions Visited (6) 1200 Robots Destroyed (79) 395 Value Destroyed (1780) 1780 Prototype IDs (27) 540 Alien Tech Used (0) 0 Bonus (-490) -490 TOTAL SCORE: 3925 Bonus ------- High Alert Combat Kills 148 Aligned with FarCom 300 Friendly Fire -938 Cogmind --------- Core Integrity 0/400 Matter 0/300 Energy 98/100 System Corruption 0% Temperature Cool (9) Movement Treading (225) Ox4 Location -8/Mines Parts ------- > --- POWER (1) -------- (None) > --- PROPULSION (2) --- Advanced Treads > --- UTILITY (4) ------ Heat Sink Large Storage Unit Humpback > --- WEAPON (2) ------- Autogun Ripper > --- INVENTORY (30) --- Latent Energy Streamer Peak State ------------ > --- POWER ------------ Nuclear Core > --- PROPULSION ------- Advanced Treads Advanced Treads > --- UTILITY ---------- Improved Heat Sink Humpback Reactive Plating > --- WEAPON ----------- Advanced Beam Rifle Autogun > --- INVENTORY -------- Nuclear Core Advanced Treads Advanced Treads Heat Sink Large Storage Unit Large Storage Unit Humpback Utility Shielding Hardened Light Armor Plating Hardened Light Armor Plating Shock Rifle Shock Rifle Shock Rifle Shock Rifle Latent Energy Streamer Autogun Rocket Launcher YI-UF0's Doublenader Ripper [Rating: 28] Favorites ----------- Power Nuclear Core Engine Improved Ion Engine Power Core Nuclear Core Propulsion Advanced Treads Treads Advanced Treads Leg Improved Aluminum Leg Wheel Wheel Utility Large Storage Unit Device Improved Heat Sink Storage Large Storage Unit Protection Reactive Plating Weapon Advanced Beam Rifle Energy Gun Advanced Beam Rifle Energy Cannon Advanced Beam Cannon Ballistic Gun Improved Assault Rifle Launcher YI-UF0's Doublenader Slashing Weapon Ripper Build | -11 -10 -10 -9 -9 -9 -8 ------- Run | Scr Mat Min Mat Min Exi Min Slots Evolved 2 | . . . 2 . . . Power . | . . . . . . . Propulsion . | . . . . . . . Utility 2 | . . . 2 . . . Weapon . | . . . . . . . Parts Attached 72 | 6 16 4 25 5 3 13 Power 11 | 1 4 1 4 . . 1 Engine 9 | 1 4 1 3 . . . Core 2 | . . . 1 . . 1 Reactor . | . . . . . . . Propulsion 13 | 2 5 1 3 . . 2 Treads 4 | . . . 2 . . 2 Leg 4 | . 2 1 1 . . . Wheel 5 | 2 3 . . . . . Hover . | . . . . . . . Flight . | . . . . . . . Utility 24 | 1 4 . 10 . 3 6 Device 6 | . 1 . 3 . 1 1 Storage 9 | 1 3 . 2 . 1 2 Processor . | . . . . . . . Hackware . | . . . . . . . Protection 9 | . . . 5 . 1 3 Artifact . | . . . . . . . Weapon 24 | 2 3 2 8 5 . 4 Energy Gun 5 | . . . 3 2 . . Energy Cannon 1 | . . . 1 . . . Ballistic Gun 13 | 2 3 2 3 1 . 2 Ballistic Cannon . | . . . . . . . Launcher 2 | . . . 1 1 . . Special Weapon . | . . . . . . . Impact Weapon . | . . . . . . . Slashing Weapon 3 | . . . . 1 . 2 Piercing Weapon . | . . . . . . . Special Melee Weapon . | . . . . . . . Unidentified Prototypes 4 | . . . 4 . . . Parts Lost 11 | . . . 1 . 1 9 Power 2 | . . . . . . 2 Propulsion 3 | . . . . . . 3 Utility 5 | . . . 1 . . 4 Weapon 1 | . . . . . 1 . Highest Loss Streak 6 | . . . 1 . 1 6 Average Slot Usage (%) 98 | . 98 100 99 100 94 86 Engine 6 | . 14 14 6 . . . Core 5 | . . . 4 11 11 10 Treads 12 | . . . 13 22 22 21 Leg 8 | . 8 28 7 . . . Wheel 2 | . 19 . . . . . Device 8 | . 1 . 11 11 10 8 Storage 22 | . 25 28 22 22 17 11 Protection 7 | . . . 10 11 10 13 Energy Gun 5 | . . . 6 10 10 . Ballistic Gun 17 | . 27 28 15 11 11 20 Naked Turns . | . . . . . . . Heaviest Build 108 | 10 40 43 55 55 103 108 Greatest Support 44 | 20 26 28 44 44 44 44 Greatest Overweight (x) 2 | . 1 1 2 1 2 2 Average Overweight (x) . | . . 1 . 1 1 2 Largest Inventory Capacity 36 | 6 16 16 16 16 36 30 Average Capacity 16 | 5 14 16 16 16 19 24 Most Carried 21 | 4 16 16 16 16 21 19 Average Carried 15 | 1 12 15 15 15 17 17 Final Capacity 30 | 6 16 16 16 16 24 30 Final Carried 20 | 4 16 16 16 16 20 1 Class Distribution -------------------- 79% | Mutant 11% | Scavenger-Mutant 9% | Hauler-Mutant Dominant Class ---------------- Mutant | -10/Materials Mutant | -10/Mines Mutant | -9/Materials Mutant | -9/Mines Mutant | -9/Exiles Hauler-Mutant | -8/Mines Resources | -11 -10 -10 -9 -9 -9 -8 ----------- Run | Scr Mat Min Mat Min Exi Min Matter Collected 1483 | 212 335 169 696 71 . . Remotely . | . . . . . . . Salvage Created 2652 | . 522 348 1688 94 . . Parts 171 | . 34 21 109 7 . . Haulers Intercepted 2 | . . . 2 . . . Recyclers Shooed 3 | . 2 . 1 . . . Parts Field Recycled . | . . . . . . . Retrieved Matter . | . . . . . . . Parts Self-Destructed . | . . . . . . . Prevented . | . . . . . . . Kills | -11 -10 -10 -9 -9 -9 -8 ------- Run | Scr Mat Min Mat Min Exi Min Combat Hostiles Destroyed 58 | . 11 3 40 4 . . Guns 52 | . 11 3 36 2 . . AOE 6 | . . . 4 2 . . Classes Destroyed 10 | . 6 1 2 1 . . Worker 5 | . 2 . 3 . . . Builder 2 | . 1 1 . . . . Tunneler 1 | . . . . 1 . . Hauler 2 | . . . 2 . . . Recycler 4 | . 2 1 . 1 . . Watcher 6 | . 2 . 4 . . . Swarmer 22 | . 6 . 12 4 . . Grunt 23 | . 5 1 17 . . . Brawler 1 | . . . 1 . . . Sentry 12 | . . 2 10 . . . Best Kill Streak 5 | . 5 2 5 5 . . Combat Bots Only 4 | . 3 2 4 4 . . Max Kills in Single Turn 4 | . 2 1 4 3 . . Gunslinging 1 | . 1 . 1 . . . Exploded 3 | . . . 3 2 . . Melee . | . . . . . . . Uniques/NPCs Destroyed 1 | . . 1 . . . . YI-UF0 (-10/Mines) Combat | -11 -10 -10 -9 -9 -9 -8 -------- Run | Scr Mat Min Mat Min Exi Min Damage Taken 3613 | . 223 270 1076 75 148 1821 Core 599 | . 82 94 172 5 35 211 Absorbed by Shields . | . . . . . . . Core Remaining (%) 64 | 100 . 29 . . . . Volleys Fired 195 | . 37 27 100 7 2 22 Largest 2 | . 2 2 2 2 2 2 Hottest 90 | . 40 43 90 84 84 46 Shots Fired 385 | . 74 54 200 14 3 40 Gun 382 | . 74 54 198 13 3 40 Cannon . | . . . . . . . Launcher 3 | . . . 2 1 . . Special . | . . . . . . . Kinetic 332 | . 74 54 155 7 2 40 Thermal 50 | . . . 43 6 1 . Explosive 3 | . . . 2 1 . . Electromagnetic . | . . . . . . . Robot Hit Streak 33 | . 14 31 33 7 . 20 Robot Miss Streak 5 | . 4 2 5 2 . 1 Penetration Max . | . . . . . . . Secondary Targets 10 | . 4 . 6 . . . Max Gunslinging Chain 1 | . 1 . 1 . . . Shots Hit Robots 284 | . 48 44 133 10 . 49 Core Hits 126 | . 29 19 64 7 . 7 Critical Hits 2 | . . . 2 . . . Critical Kills . | . . . . . . . Critical Parts Destroyed 2 | . . . 2 . . . Melee Attacks 16 | . . . . 1 . 15 Impact . | . . . . . . . Slashing 16 | . . . . 1 . 15 Piercing . | . . . . . . . Sneak Attacks . | . . . . . . . Combat Hostiles . | . . . . . . . Follow-up Attacks . | . . . . . . . Damage Inflicted 4684 | . 584 486 2308 316 . 990 Guns 3773 | . 504 486 2087 168 . 528 Cannons . | . . . . . . . Explosions 449 | . 80 . 221 148 . . Melee 459 | . . . . . . 459 Ramming 3 | . . . . . . 3 Kinetic 2877 | . 504 486 1277 82 . 528 Thermal 896 | . . . 810 86 . . Explosive 449 | . 80 . 221 148 . . Electromagnetic . | . . . . . . . Impact . | . . . . . . . Slashing 459 | . . . . . . 459 Piercing . | . . . . . . . Highest Corruption . | . . . . . . . Average Corruption . | . . . . . . . Corruption Purged . | . . . . . . . Overload Shots . | . . . . . . . Overflow Damage 11 | . . . . 11 . . Projectiles . | . . . . . . . Explosions 11 | . . . . 11 . . Melee . | . . . . . . . Knockbacks . | . . . . . . . Impact . | . . . . . . . Kinetic . | . . . . . . . Secondary . | . . . . . . . Self-Inflicted Damage . | . . . . . . . Shots . | . . . . . . . Rammed 3 | . . . . . . 3 Targets Rammed 3 | . . . . . . 3 Kicked . | . . . . . . . Crushed . | . . . . . . . Highest Temperature 354 | . 9 20 48 . 24 354 Average Temperature 82 | . 7 6 18 . 18 188 Received Heat Transfer 948 | . 75 105 393 . 60 315 Effects 3 | . . . . . . 3 Energy Bleed 1 | . . . . . . 1 Interference 1 | . . . . . . 1 Damage (minor) 1 | . . . . . . 1 Siege Activations . | . . . . . . . Robots Corrupted . | . . . . . . . Combat Hostiles . | . . . . . . . Parts Fried . | . . . . . . . Impact Corruptions . | . . . . . . . Robots Melted . | . . . . . . . Combat Hostiles . | . . . . . . . Parts Melted 1 | . . . 1 . . . Heat Transferred 1517 | . . . 1369 148 . . Parts Sabotaged . | . . . . . . . Parts Stolen . | . . . . . . . Parts Stripped . | . . . . . . . Power Chain Reactions . | . . . . . . . Missiles Intercepted . | . . . . . . . Alert | -11 -10 -10 -9 -9 -9 -8 ------- Run | Scr Mat Min Mat Min Exi Min Peak Influence 562 | . 338 149 562 311 . . Initial 201 | . . 59 . 201 . . Average 214 | . 184 55 341 162 . . Maximum Alert Level 2 | . 1 . 2 1 . . Low Security (%) 52 | 100 65 100 22 54 . 100 Level 1 21 | . 34 . 20 45 . . Level 2 25 | . . . 57 . . . Level 3 . | . . . . . . . Level 4 . | . . . . . . . Level 5 . | . . . . . . . High Security . | . . . . . . . Max Security . | . . . . . . . Squads Dispatched 8 | . 1 . 7 . . . Investigation 5 | . 1 . 4 . . . Extermination . | . . . . . . . Reinforcement 3 | . . . 3 . . . Assault . | . . . . . . . Garrison . | . . . . . . . Intercept . | . . . . . . . Construction Impeded . | . . . . . . . Haulers Reinforced . | . . . . . . . Stealth | -11 -10 -10 -9 -9 -9 -8 --------- Run | Scr Mat Min Mat Min Exi Min Distress Signals 1 | . . . 1 . . . Communications Jammed . | . . . . . . . Distress Signals . | . . . . . . . Times Spotted 85 | . 14 4 53 5 7 2 Peak Tracking Total 9 | . 4 2 5 4 9 2 Tactical Retreats 2 | . . . 1 1 . . Traps | -11 -10 -10 -9 -9 -9 -8 ------- Run | Scr Mat Min Mat Min Exi Min Traps Triggered 7 | . 4 . 3 . . . Indirectly . | . . . . . . . Trap Hack Attempts . | . . . . . . . Triggered . | . . . . . . . Disarmed . | . . . . . . . Reprogrammed . | . . . . . . . Reused . | . . . . . . . Traps Extracted . | . . . . . . . Installed . | . . . . . . . Triggered . | . . . . . . . Machines | -11 -10 -10 -9 -9 -9 -8 ---------- Run | Scr Mat Min Mat Min Exi Min Machines Disabled 4 | . 1 . 2 . 1 . Max in Single Turn 1 | . 1 . 1 . 1 . Machines Sabotaged . | . . . . . . . Garrisons Compromised . | . . . . . . . Overloaded Fab Kills . | . . . . . . . Fab Network Shutdowns . | . . . . . . . Hacking | -11 -10 -10 -9 -9 -9 -8 --------- Run | Scr Mat Min Mat Min Exi Min Machines Accessed 19 | . 6 . 10 1 2 . Terminals 15 | . 6 . 9 . . . Fabricators . | . . . . . . . Repair Stations . | . . . . . . . Recycling Units . | . . . . . . . Scanalyzers 1 | . . . 1 . . . Garrison Access . | . . . . . . . Total Hacks 57 | . 18 . 36 1 2 . Successful 35 | . 10 . 22 1 2 . Failed 20 | . 7 . 13 . . . Catastrophic 4 | . . . 4 . . . Database Lockouts 2 | . 1 . 1 . . . Manual 43 | . 18 . 24 . 1 . Terminals 50 | . 18 . 32 . . . Fabricators . | . . . . . . . Repair Stations . | . . . . . . . Recycling Units . | . . . . . . . Scanalyzers 4 | . . . 4 . . . Garrison Access . | . . . . . . . Terminal Hacks 16 | . 5 . 8 1 2 . Record 1 | . . . . . 1 . Part Schematic 1 | . 1 . . . . . Robot Analysis 6 | . 4 . 2 . . . Open Door 1 | . . . . 1 . . Branch Access Points 1 | . . . 1 . . . Alert Level 2 | . . . 2 . . . Unreport Threat 1 | . . . 1 . . . Locate Traps 1 | . . . 1 . . . Hauler Manifests 1 | . . . 1 . . . EX-Prototype ID Bank 1 | . . . . . 1 . Fabricator Hacks . | . . . . . . . Repair Station Hacks . | . . . . . . . Recycling Unit Hacks . | . . . . . . . Scanalyzer 4 | . . . 4 . . . Insert Component 2 | . . . 2 . . . Analyze 2 | . . . 2 . . . Garrison Access Hacks . | . . . . . . . Unauthorized Hacks 15 | . 5 . 10 . . . Terminals 15 | . 5 . 10 . . . Botnet 14 | . 5 . 9 . . . Operators 1 | . . . 1 . . . Fabricators . | . . . . . . . Repair Stations . | . . . . . . . Recycling Units . | . . . . . . . Scanalyzers . | . . . . . . . Garrison Access . | . . . . . . . Data Cores Recovered . | . . . . . . . Used . | . . . . . . . Hacking Detections 15 | . 5 . 10 . . . Full Trace Events 2 | . . . 2 . . . Feedback Events . | . . . . . . . Feedback Blocked . | . . . . . . . Robot Schematics Acquired . | . . . . . . . Robots Built . | . . . . . . . Matter . | . . . . . . . Time . | . . . . . . . Total Robot Build Rating . | . . . . . . . Part Schematics Acquired 3 | . 1 . 2 . . . Parts Built . | . . . . . . . Matter . | . . . . . . . Time . | . . . . . . . Total Part Build Rating . | . . . . . . . Parts Repaired . | . . . . . . . Time . | . . . . . . . Parts Recycled . | . . . . . . . Recycled Matter . | . . . . . . . Retrieved Matter . | . . . . . . . Retrieved Components . | . . . . . . . Parts Scanalyzed 2 | . . . 2 . . . Part Schematics Acquired 2 | . . . 2 . . . Parts Damaged . | . . . . . . . Bothacking | -11 -10 -10 -9 -9 -9 -8 ------------ Run | Scr Mat Min Mat Min Exi Min Used RIF Installer . | . . . . . . . Robots Hacked . | . . . . . . . Non-combat . | . . . . . . . Combat . | . . . . . . . Robot Hacks Applied . | . . . . . . . Relay Couplers Released . | . . . . . . . Robots Rewired . | . . . . . . . Allies Hacked . | . . . . . . . Hacks Repelled . | . . . . . . . Allies | -11 -10 -10 -9 -9 -9 -8 -------- Run | Scr Mat Min Mat Min Exi Min Total Allies . | . . . . . . . Largest Group . | . . . . . . . Highest-Rated Group . | . . . . . . . Highest-Rated Ally . | . . . . . . . Total Orders . | . . . . . . . Ally Attacks . | . . . . . . . Total Damage . | . . . . . . . Kills . | . . . . . . . Allies Corrupted . | . . . . . . . Allies Melted . | . . . . . . . Intel | -11 -10 -10 -9 -9 -9 -8 ------- Run | Scr Mat Min Mat Min Exi Min Robot Analysis Total 6 | . 4 . 2 . . . Derelict Logs Recovered 2 | . . 1 . 1 . . Drone Launches . | . . . . . . . Drone Recoveries . | . . . . . . . Exploration | -11 -10 -10 -9 -9 -9 -8 ------------- Run | Scr Mat Min Mat Min Exi Min Turns Passed 5551 | 45 664 828 2207 879 596 332 Spaces Moved 3047 | 42 467 477 1109 512 337 103 Core 3 | 3 . . . . . . Treads 1684 | . . . 732 512 337 103 Legs 974 | . 120 477 377 . . . Wheels 386 | 39 347 . . . . . Hover . | . . . . . . . Flight . | . . . . . . . Fastest Speed 50 | 50 80 150 145 165 145 185 Average Speed 150 | 77 103 150 157 165 172 185 Slowest Speed 185 | 80 150 150 185 165 185 185 Overloaded Moves . | . . . . . . . Propulsion Burnouts . | . . . . . . . Robots Hopped . | . . . . . . . Cave-ins Triggered . | . . . . . . . Exploration Rate (%) 66 | 3 76 95 95 95 71 33 Regions Visited 6 Branch Regions 4 Pre-discovered Areas 2 | . . . . 1 1 . Known Exits Taken 1 | . . . 1 . . . Unknown Exits Taken 5 | 1 1 1 . 1 1 . Scrap Searched 3 | . . 1 . 2 . . Spaces Dug 1 | . . . . 1 . . Terrain Destroyed 31 | . 12 . 11 8 . . Melee 1 | . . . . 1 . . Projectile . | . . . . . . . AOE 30 | . 12 . 11 7 . . Terrain Rammed . | . . . . . . . Walls Destroyed . | . . . . . . . Machines Disabled . | . . . . . . . Actions | -11 -10 -10 -9 -9 -9 -8 --------- Run | Scr Mat Min Mat Min Exi Min Total 3649 | 51 588 546 1397 531 350 186 Wait 189 | . 21 29 105 3 1 30 Move 3041 | 41 466 476 1108 511 336 103 Hop . | . . . . . . . Pick Up 62 | 4 29 3 21 2 3 . Fast Attach 24 | 6 5 . 11 . 2 . Attach 19 | . 6 . 3 1 1 8 Detach 3 | . . . 1 . 2 . Swap 29 | . 5 4 11 4 . 5 Drop 68 | . 19 7 37 2 3 . Fire 195 | . 37 27 100 7 2 22 Melee 16 | . . . . 1 . 15 Ram . | . . . . . . . Kick . | . . . . . . . Crush 3 | . . . . . . 3 Escape Stasis . | . . . . . . . Rewire . | . . . . . . . Trap . | . . . . . . . Miscellaneous . | . . . . . . . Route ------- -11/Scrapyard -10/Materials (discovered 3 exits: *Mat x2 / [*Min]) -10/Mines -9/Materials (discovered 4 exits: [*Mat x3] / *Min) -9/Mines (discovered 3 exits: [*Mat x2] / *Exi) -9/Exiles -8/Mines History --------- Turn | Location | Event 17 | -11/Scrapyard | Discovered new exit (range 16) 46 | -11/Scrapyard | Entered Materials 310 | -10/Materials | Build established: Mutant 405 | -10/Materials | Discovered new exit (range 4) 485 | -10/Materials | Discovered new exit (range 7) 595 | -10/Materials | Discovered new exit (range 7) 625 | -10/Materials | Central database locked down 710 | -10/Materials | Entered Mines 834 | -10/Mines | Core integrity fell below 50% 1089 | -10/Mines | Discovered new exit (range 13) 1270 | -10/Mines | YI-UF0 nonchalantly dropped a Grenade Launcher on the ground 1350 | -10/Mines | Destroyed YI-UF0 1360 | -10/Mines | Found Prototype Launcher 1365 | -10/Mines | Learned Materials terminal intel 1538 | -10/Mines | Entered Materials 1538 | -9/Materials | Evolved 2 slots: Utility x2 1539 | -9/Materials | Loaded intel: 12 terminal locations 1790 | -9/Materials | Identified YI-UF0's Doublenader 1837 | -9/Materials | Build established: Scavenger-Mutant 1941 | -9/Materials | Discovered new exit (range 10) 2213 | -9/Materials | Central database locked down 2607 | -9/Materials | Build established: Mutant 2691 | -9/Materials | Identified exit to Mines 3121 | -9/Materials | Discovered new exit (range 7) 3333 | -9/Materials | Discovered new exit (range 15) 3745 | -9/Materials | Entered Mines 3755 | -9/Mines | Discovered new exit (range 4) 3826 | -9/Mines | Discovered new exit (range 15) 3946 | -9/Mines | Met a Derelict who couldn't figure out how to use a Trap Extractor 4109 | -9/Mines | Received a Rocket Launcher from a helpful Derelict 4140 | -9/Mines | Deemed a non-threat by the Exiles lab entrance 4141 | -9/Mines | Discovered new exit (range 5) 4418 | -9/Mines | A weapon hastily lodged in a ceiling crevice suddenly fell to the ground 4624 | -9/Mines | Entered Exiles 4664 | -9/Exiles | Met 8R-AWN 4692 | -9/Exiles | Met EX-HEX 4751 | -9/Exiles | Met EX-BIN 4794 | -9/Exiles | Aligned with FarCom system 4795 | -9/Exiles | Given EX-Vault access code 4833 | -9/Exiles | Opened EX-Vault 4847 | -9/Exiles | Found Latent Energy Streamer 4883 | -9/Exiles | Warned to stay clear of 0b10 Research branches 5005 | -9/Exiles | Met EX-DEC 5060 | -9/Exiles | Learned location of Zion (-6) 5138 | -9/Exiles | Discovered new exit (range 14) 5174 | -9/Exiles | Attacked by the Exiles 5218 | -9/Exiles | Core integrity fell below 50% 5220 | -9/Exiles | Left Exiles lab with Latent Energy Streamer 5220 | -9/Exiles | Entered Mines 5260 | -8/Mines | Build established: Hauler-Mutant 5276 | -8/Mines | 7V-RTL came to Exiles' defense 5498 | -8/Mines | Lost 3 parts (1p1n1u) 5526 | -8/Mines | Core integrity fell below 20% 5552 | -8/Mines | Destroyed by 7V-RTL with Dispersion Rifle Last Messages --------------- 05511_ Slammed into 7V-RTL. 05513_ Penetrated by Slug. 05519_ Slug penetrates Wall. 05522_ Penetrated by Slug. 05522_ Slug penetrates Earth. 05522_ Nuclear Core destroyed. 05525_ Penetrated by Slug. 05528_ Humpback destroyed. 05531_ Penetrated by Slug. 05531_ Adv. Treads destroyed. 05534_ Penetrated by Slug. 05534_ Slug penetrates Earth. 05537_ Penetrated by Slug. 05537_ Hrd. Light Armor Plating destroyed. 05543_ Penetrated by Slug. 05543_ U-05 Engineer builds a Wall. 05546_ Penetrated by Slug. 05550_ U-05 Engineer builds a Wall. 05550_ K-01 Serf collects debris. 05552_ Penetrated by Slug. Map ----- +----------------------------------------------------+ | | | | | | | | | | | | | | | | | | | | | | | | | | | | | | | | | | | ????????????????????????????????????? | | ????????????????????????????????????? | | ????????????????????????????????????? | | ????????????????????????????????????? | | ????????????????????????????????????? | | ????????????????####?###????????????? | | ?????????????#####u ##;###??????????? | | ?????????##### ; !#######????? | | ??????# ; gY@][; | | ??????????####### ##][[ ####????? | | #???????????????#" "####! ##????? | | ######??????????#####???# ##???? | | #??????????????????# #???? | | #### #???#??????????????# ;#??? | | #### ## #??????????????## ##?? | | # #???????????????#### #?? | | # ###### #??????????????????# #?? | | # #???????????????#####?##### #?? | | # #??????????????## ### #?? | | # #????????####### k ##?? | | ##???????# #####??? | | ####????# ### ##??????? | | ###### #?# ## #???????? | | ## #?# #### ##???????? | | ## #####?#####??# #????????? | | ### ### #????????????# ##????????? | | #?#####?# #???????????? #?????????? | | ######### #???????????# #?????????? | | #???????????## #?????????? | | ###### ###????????????# ?????????? | | ?????# #?????????????? ?????????? | | ?????# #????????????? ?????????? | | ????? #???????????? #????????? | +----------------------------------------------------+ Best States ------------- Heat Dissipation 50 Energy Generation 14 Energy Capacity 265 Matter Stores 300 Matter Capacity 500 Sight Range 16 Terrain Scan Density 10 Armor Coverage 300 Resistance: KI 20 Evasion (%) 44 Recoil Reduction 2 Item Schematics ----------------- Hcp. Storage Unit | -10/Materials | Hacked Hvy. EM Pulse Gun | -9/Materials | Scanalyzed Arm. Wheel | -9/Materials | Scanalyzed Robot Schematics ------------------ None Fabricated ------------ Nothing Alien Tech Used ----------------- None Achievements -------------- None Challenges ------------ None Game ------ Seed AssembledWardroneBay Manual? 0 Play Time 01:06:14 Cumulative 97.6 hours Start 2021.11.09 @ 23:06:21 End 2021.11.10 @ 10:02:32 Sessions 2 Manual Loads 0 Difficulty Rogue Special Mode None Game No. 20 Rogue 20 Adventurer 0 Explorer 0 Win Type - Total 5 Types 4/1/0/0/0/0/0/0/0 Lore% 64 Gallery% 59 Achievement% 53 Wizard Run 0 Options --------- ASCII 0 Keyboard 0 Movement Vi Keybinds 0 Fullscreen 1 Font 36/Smallcaps Map View 76x50 Tactical HUD 1 Map Filters NONE Filters NONE Steam 1 RUN: a21d28aa-669d-4c07-932b-155a6c1d4d15